Map: King's Cove LE

Players

expendable

  • Race: Protoss Protoss
  • League: Diamond
  • Spawn Location: 5:00

wootwoot - Winner!

  • Race: Protoss Protoss
  • League: Diamond
  • Spawn Location: 11:00

VOD

Have the link to the VOD?

Description

Time

  • Played on: April 22, 2025, 8:24 a.m.
  • Length: 4:21
Show
View Real Time Build Order
Export as new Build Order

expendable Protoss 

Build Orders:  

Get SALT Encoding   

  12  0:00  Probe  
  13  0:12  Probe  
  14  0:21  Pylon  
  14  0:24  Probe  
  15  0:35  Probe  
  15  0:40  Gateway  
  16  0:43  Probe  
  17  0:53  Probe  
  18  1:05  Probe  
  19  1:17  Probe  
  20  1:24  Gateway  
  20  1:28  Cybernetics Core  
  20  1:31  Pylon  
  20  1:36  Assimilator  
  20  1:37  Assimilator  
  20  1:41  Probe  
  21  1:53  Gateway  
  21  1:56  Gateway  
  21  2:05  Probe  
  22  2:13  Warp Gate  
  22  2:24  Stalker  
  22  2:27  Pylon  
  22  2:31  Shield Battery, Stalker  
  26  2:45  Stalker  
  26  3:05  Shield Battery  
  28  3:21  Sentry  
  28  3:49  Pylon  
  28  3:55  Pylon  
  23  3:57  Probe  
  23  4:02  Stalker  
  18  4:04  Stalker  
Show
View Real Time Build Order
Export as new Build Order

wootwoot Protoss - Winner!

Build Orders:  

Get SALT Encoding   

  12  0:01  Probe  
  13  0:14  Probe  
  14  0:20  Pylon  
  14  0:26  Probe  
  15  0:38  Gateway  
  15  0:43  Assimilator  
  15  0:50  Pylon  
  15  1:09  Gateway  
  15  1:16  Gateway  
  15  1:30  Cybernetics Core  
  15  1:35  Probe  
  16  1:47  Probe  
  16  1:52  Warp Gate  
  17  1:55  Stalker x2  
  21  2:24  Adept x2  
  21  2:28  Probe  
  26  2:51  Stalker  
  26  2:53  Stalker  
  30  3:14  Probe  
  30  3:15  Gateway  
  30  3:17  Pylon  
  29  3:41  Stalker x2  
  29  3:42  Zealot  
  29  3:47  Pylon  
  33  4:10  Stalker, Zealot x2  
Tags
 
Matchup
PvP
Replay Pack
#1B2M-Replays
Spawn Locations
Cross Positions
Add a new tag
Caveats
  • Supply blocks, unpowered buildings, or Contaminate may cause inaccurate times.
  • Supply counts are checked every 10 seconds.